Description

This is just a fun build that goes straight from SCV to battlecruiser. It can be played against all races but will lose to any "aggressive" early game like 1 reaper harass :) It can win games regularly at platinum level.

Replay - TvT_Battlecruiser

Build Order

Get SALT Encoding   

  12  0:01  SCV  
  13  0:13  SCV  
  14  0:17  Supply Depot  
  14  0:25  SCV  
  15  0:32  Refinery 3 SCVs on gas as soon as finished  
  15  0:41  Barracks Start barracks before building next SCV  
  15  0:44  SCV  
  16  0:56  SCV  
  17  1:02  Refinery 2 SCVs on gas before starting factory  
  17  1:08  SCV  
  18  1:20  SCV  
  19  1:31  Factory  
  19  1:33  Orbital Command Build SCVs continously from now on  
  19  1:39  Supply Depot  
  21  2:16  Starport  
  22  2:35  SCV  
  23  2:44  Command Center  
  24  2:54  Fusion Core  
  24  2:55  Starport Tech Lab  
  28  3:00  Supply Depot  
  28  3:46  Weapon Refit  
  29  3:56  Battlecruiser, Orbital Command Take refineries first in your expand, gas will be your limiting resource  
  37  4:25  Supply Depot  
  38  4:35  Armory  
  38  4:41  Starport  
  40  4:58  Supply Depot  
  43  5:08  Battlecruiser  
  51  5:24  Command Center  
  51  5:25  Starport Tech Lab  
  52  5:52  Terran Vehicle And Ship Armor Level 1  
  53  6:00  Battlecruiser  
  61  6:18  Battlecruiser  
  69  6:34  SCV  
  72  6:59  Starport From now on continue to expand, build a second armory when you can afford it.  
Spawning Tool Build Advisor. Get it on Overwolf

Analysis

This build relies mostly on the snowball effect of battlecruisers. The game usually goes like this: Send BCs to enemy location. Use Yamato on high cost units. Teleport BCs back to base when they get low on life. Repair them and repeat.

First BC can be teleported straight away to opponent's mineral line, although it's important to keep it alive so I usually don't do that when it might get destroyed.

Regardingupgrades I usually research armor first to increase survivability of BC and I will start second armor upgrade before first weapon upgrade if I don't have my second armory up yet.

Go to:

Details

  • Created by: Asharai
  • Published on: Dec 10, 2016
  • Modified on: Dec 10, 2016
  • Patch: Pre-3.8.0
Show
View Real Time Build Order
Export as new Build Order

Comments (0)

There are no comments. Be the first!

Create an account to comment!